AoeStats
← 1768193321

Fortress

508203323Analyzed
4v4 RM · 12d ago on Sep 21, 2026· 38m 11s· 8 players
Game mode
Random Map
Map size
Huge
Population
200
Speed
Normal
Resources
Standard
Victory
Conquest
Starting age
Dark Age
Ending age
Imperial Age
RankedLock teamsTeams togetherTeam positionsShared explorationLock speedFull tech treeHidden civsTurbo modeCheats
Victory
Defeat
🇨🇳 Sicilians · China
1382
+15
🇦🇷 Hindustanis · Argentina
1327
+17
🇨🇳 Turks · China
1324
+17
🇨🇳 Chinese · China
1293
+18
🇮🇳 Celts · India
1355
-17
🇨🇳 Turks · China
1352
-17
🇨🇳 Vikings · China
1352
-17
🇷🇴 Italians · Romania
1339
-16
1768193321
7:43 Feudal Age
11:11 Castle Age
9:49 Horse Collar
10:07 Double-Bit Axe
10:32 Horse Collar
12:08 Bow Saw
15:38 Loom
18:20 Fortified Wall
20:46 Fletching
21:01 Town Watch
27:56 Imperial Age
27:47 Padded Archer Armor
28:54 Wheelbarrow
29:16 Conscription
29:41 Leather Archer Armor
29:23 Gold Mining
30:50 Hand Cart
33:50 Husbandry
34:00 Bloodlines
33:56 Scale Barding Armor
34:39 Forging
35:22 Chain Barding Armor
37:48 Plate Barding Armor
37:49 Iron Casting
只爆叉叉
7:54 Feudal Age
8:44 Double-Bit Axe
11:39 Castle Age
9:34 Horse Collar
12:47 Bow Saw
13:03 Heavy Plow
16:48 Loom
17:58 Wheelbarrow
17:56 Stone Mining
18:30 Gold Mining
20:45 Stone Shaft Mining
21:30 Hand Cart
21:55 Gold Shaft Mining
25:24 Imperial Age
24:03 First Crusade
23:48 Scale Mail Armor
23:58 Forging
24:25 Squires
24:11 Arson
24:31 Pikeman
25:34 Chain Mail Armor
25:57 Iron Casting
26:29 Conscription
25:40 Capped Ram
26:19 Elite Serjeant
28:11 Plate Mail Armor
28:43 Blast Furnace
29:16 Siege Ram
30:39 Fletching
32:00 Chemistry
31:21 Ballistics
31:08 Siege Engineers
32:06 Chemistry
31:27 Ballistics
31:00 Halberdier
小肥羊
7:01 Feudal Age
10:55 Castle Age
9:11 Double-Bit Axe
9:30 Horse Collar
12:23 Bow Saw
18:04 Heavy Plow
19:22 Wheelbarrow
21:25 Hand Cart
24:36 Imperial Age
22:18 Loom
22:39 Gold Mining
22:51 Grand Trunk Road
24:19 Bloodlines
24:09 Husbandry
24:13 Light Cavalry
25:38 Scale Barding Armor
25:30 Hussar
27:07 Chain Barding Armor
27:01 Forging
27:36 Gold Shaft Mining
27:11 Town Watch
27:15 Heavy Camel Rider
28:33 Plate Barding Armor
28:35 Iron Casting
29:50 Two-Man Saw
28:49 Stone Mining
29:50 Caravan
30:22 Coinage
30:34 Conscription
30:16 Shatagni
31:56 Blast Furnace
30:56 Padded Archer Armor
31:04 Padded Archer Armor
30:50 Imperial Camel Rider
33:29 Leather Archer Armor
34:22 Banking
34:07 Elite Skirmisher
35:55 Chemistry
35:28 Ballistics
36:19 Fletching
37:07 Ring Archer Armor
38:00 Squires
38:29 Fervor
37:54 Elite Ghulam
38:40 Scale Mail Armor
38:38 Bodkin Arrow
38:32 Arson
12014665
0:28 Loom
7:13 Feudal Age
12:19 Castle Age
10:26 Horse Collar
11:19 Double-Bit Axe
13:28 Bow Saw
19:18 Fletching
21:24 Bodkin Arrow
21:58 Padded Archer Armor
24:07 Gold Mining
24:23 Heavy Plow
25:32 Gold Shaft Mining
27:09 Leather Archer Armor
31:13 Imperial Age
29:22 Wheelbarrow
31:11 Crossbowman
31:57 Bracer
33:00 Chemistry
33:11 Ring Archer Armor
32:12 Arbalester
34:28 Ballistics
35:21 Conscription
36:25 Thumb Ring
37:26 Two-Man Saw
38:08 Hand Cart
38:02 Stone Mining
38:01 Elite Skirmisher
BLADE
7:30 Feudal Age
9:15 Double-Bit Axe
11:43 Castle Age
9:40 Double-Bit Axe
10:03 Horse Collar
12:48 Bow Saw
14:29 Heavy Plow
16:01 Loom
17:34 Wheelbarrow
19:47 Hand Cart
21:36 Gold Mining
25:25 Imperial Age
24:15 Forging
24:05 Scale Mail Armor
24:14 Town Watch
23:57 Pikeman
23:57 Man-at-Arms
24:22 Gambesons
24:23 Arson
25:19 Long Swordsman
25:30 Capped Ram
26:34 Siege Engineers
27:25 Coinage
27:06 Guilds
26:50 Stone Mining
27:36 Gold Shaft Mining
27:30 Halberdier
29:03 Chain Mail Armor
29:12 Siege Ram
32:57 Plate Mail Armor
33:02 Iron Casting
33:32 Banking
33:43 Masonry
33:46 Fortified Wall
33:47 Masonry
34:39 Two-Handed Swordsman
PAX
6:20 Feudal Age
6:48 Double-Bit Axe
6:44 Horse Collar
11:51 Castle Age
12:51 Bow Saw
12:43 Heavy Plow
20:59 Imperial Age
19:55 Wheelbarrow
19:34 Loom
20:57 Padded Archer Armor
20:52 Loom
22:52 Chemistry
35:15 Leather Archer Armor
2265138721
6:58 Feudal Age
7:57 Double-Bit Axe
10:46 Castle Age
8:34 Double-Bit Axe
10:56 Padded Archer Armor
11:48 Bow Saw
13:36 Horse Collar
13:51 Loom
17:43 Leather Archer Armor
21:06 Wheelbarrow
23:19 Heavy Plow
27:50 Imperial Age
27:54 Hand Cart
27:53 Gold Mining
34:41 Scale Barding Armor
34:46 Forging
35:13 Conscription
36:20 Gold Shaft Mining
36:48 Two-Man Saw
37:10 Bloodlines
37:01 Husbandry
37:35 Chain Barding Armor
39:18 Plate Barding Armor
39:19 Iron Casting
mipolin
8:20 Feudal Age
9:15 Double-Bit Axe
9:19 Horse Collar
11:52 Castle Age
14:07 Bow Saw
17:27 Scale Mail Armor
18:03 Heavy Plow
18:36 Scale Barding Armor
18:49 Chain Mail Armor
20:41 Gambesons
20:56 Squires
20:42 Arson
21:11 Forging
25:02 Imperial Age
22:20 Loom
22:21 Town Watch
22:10 Man-at-Arms
25:08 Chieftains
26:37 Iron Casting
28:06 Elite Berserk
29:20 Plate Mail Armor
28:46 Long Swordsman
30:59 Two-Handed Swordsman
31:43 Two-Handed Swordsman
Connection lost

Rejoining the realm…

Still unreachable

The connection could not be restored.

Session expired

The server has moved on; the page needs a fresh start.